 Dungeon Crawl Stone Soup version 0.19.1-1-g22dce08 (webtiles) character file.

65 zhar the Grave Robber (level 3, -8/25 HPs)
             Began as a Vampire Necromancer on Jan 17, 2017.
             Killed by divine providence
             ... invoked by an orc priest
              (13 damage)
             ... on level 3 of the Dungeon on Jan 18, 2017.
             The game lasted 00:16:12 (3743 turns).

zhar the Grave Robber (Vampire Necromancer)         Turns: 3743, Time: 00:16:13

Health: -8/25      AC:  2    Str:  7    XL:     3   Next: 92%
Magic:  1/6        EV: 13    Int: 18    God:
Gold:   66         SH:  0    Dex: 14    Spells: 2 memorised, 2 levels left

rFire  . . .     SeeInvis +     d - +0 dagger
rCold  . . .     Gourm    .     a - +0 robe
rNeg   . . .     Faith    .     (no shield)
rPois  .         Spirit   .     (no helmet)
rElec  .         Reflect  .     (no cloak)
rCorr  .         Harm     .     (no gloves)
MR     .....                    (no boots)
Stlth  ++........               (no amulet)
                                (no ring)
                                (no ring)

@: very slightly contaminated, regenerating quickly
A: fangs 3, see invisible, unbreathing
a: no special abilities


You were on level 3 of the Dungeon.
You were very full.

You visited 1 branch of the dungeon, and saw 3 of its levels.

You collected 66 gold pieces.

Inventory:

Hand Weapons
 d - a +0 dagger (weapon)
Missiles
 h - 15 bolts
 i - 32 stones (quivered)
 k - 10 poisoned needles
 l - 14 sling bullets
 n - 46 arrows
 p - 5 tomahawks
Armour
 a - a +0 robe (worn)
 q - a +0 robe
Jewellery
 f - an uncursed ring of protection from cold {unknown}
 o - an uncursed ring of ice
Scrolls
 g - 2 scrolls of teleportation
 j - 2 scrolls of magic mapping {unknown}
Potions
 c - a potion of blood
 e - 2 potions of flight {unknown}
 m - a potion of curing {unknown}
Books
 b - a book of Necromancy

   Spells                             Type                      Level
   a - Pain                           Necromancy                   1
   b - Animate Skeleton               Necromancy                   1
   c - Vampiric Draining              Necromancy                   3
   d - Regeneration                   Charms/Necromancy            3
   e - Animate Dead                   Necromancy                   4
   f - Control Undead                 Necromancy                   4


   Skills:
 + Level 0.5 Fighting
 * Level 1.3 Short Blades
 + Level 2.5 Dodging
 + Level 3.4 Stealth
 + Level 2.3 Spellcasting
 + Level 5.1 Necromancy


You had 2 spell levels left.
You knew the following spells:

 Your Spells              Type           Power        Failure   Level  Hunger
a - Pain                  Necr           ###.         1%          1    #......
b - Vampiric Draining     Necr           ###.......   10%         3    ###....


Dungeon Overview and Level Annotations

Branches:
Dungeon (3/15)

Altars:
Okawaru


Innate Abilities, Weirdness & Mutations

Your natural rate of healing is unusually fast.
You have razor-sharp teeth.
You have supernaturally acute eyesight. (SInv)
You can survive without breathing.


Message History

You miscast Vampiric Draining.
You shiver with cold.
The orc priest hits you with a dagger.
You hit the orc priest but do no damage.
You bite the orc priest.
The orc priest is severely wounded.
The orc priest hits you with a dagger.
* * * LOW HITPOINT WARNING * * *
Casting: Vampiric Draining
Confirm with . or Enter, or press ? or * to list all spells.
You don't have enough magic to cast that spell.
Casting: Vampiric Draining
Confirm with . or Enter, or press ? or * to list all spells.
Aiming: Pain
Press: ? - help, Shift-Dir - straight line, f/p - orc priest
Aim: an orc priest, wielding a dagger and wearing a leather armour (severely wounded, chance to defeat MR: 80%)
The orc priest writhes in agony!
The orc priest invokes the aid of Beogh against you.
Beogh smites you!
Ouch! That really hurt!
You die...

#.....##.#.######
####.##..#...........
.....................
###.##.#...#.#######
#.....#...#.....
#..####.....### #.)#
#..##.# #.)# #..#.#.##
#..# #..@###.#
#.##..####...o#..#####..
#............#.#...o...g
####..##.###.###........
#..##.# #.# #.#####.%
#..##.# #.. ..# #..##.#
###.### #..##.# .#
#..##.# .


You could see an orc priest.

Vanquished Creatures
  An adder (D:2)
  A dart slug (D:1)
  3 leopard geckos
  An orc (D:3)
  3 giant cockroaches
  8 goblins (D:1)
  7 hobgoblins
  7 kobolds
  A quokka (D:2)
  A ball python (D:2)
  4 bats
  7 frilled lizards (D:1)
  4 rats
48 creatures vanquished.

Notes
Turn   | Place    | Note
-------+----------+-------------------------------------------
     0 | D:1      | zhar the Vampire Necromancer began the quest for the Orb.
     0 | D:1      | Reached XP level 1. HP: 13/13 MP: 3/3
   737 | D:1      | Reached XP level 2. HP: 18/19 MP: 3/5
  1307 | D:1      | Reached skill level 5 in Necromancy
  1968 | D:1      | Reached XP level 3. HP: 24/24 MP: 6/6
  2750 | D:2      | Learned a level 3 spell: Vampiric Draining
  2767 | D:2      | Reached skill level 1 in Short Blades
  3128 | D:2      | Found an iron altar of Okawaru.
  3743 | D:3      | Killed from afar by an orc priest

Skill      XL: |  1  2  3 |
---------------+----------+-----
Necromancy     | 5 |  5.1
Short Blades   | 1 |  1.3
Fighting       | |  0.5
Dodging        | |  2.5
Stealth        | |  3.4
Spellcasting   | |  2.3

Action                   || total
-------------------------++-------
Melee: Dagger            ||   156
       Bite              ||    11
 Cast: Pain              ||    42
       Vampiric Draining ||     1
  Use: Scroll            ||     3
 Stab: Sleeping          ||     4
  Eat: Corpse            ||    21
Armor: Robe              ||    26
Dodge: Dodged            ||   100
